Map: Acolyte LE

Players

Zanster - Winner!

  • Race: Zerg Zerg
  • Spawn Location: 1:00

Drunkenboi

  • Race: Terran Terran
  • Spawn Location: 7:00

Event: WCS Montreal 2017

VOD

Have the link to the VOD?

Description

Time

  • Played on: Sept. 8, 2017, 12:19 p.m.
  • Length: 13:26

All games in this series

Show
View Real Time Build Order
Export as new Build Order

Zanster Zerg - Winner!

Build Orders: Hatch First 

Get SALT Encoding   

  12  0:00  Drone  
  13  0:13  Overlord  
  13  0:16  Drone  
  14  0:32  Drone x2  
  16  0:36  Drone  
  17  0:52  Hatchery  
  17  0:56  Drone  
  17  0:58  Drone  
  18  1:11  Extractor  
  18  1:14  Spawning Pool  
  18  1:16  Drone  
  17  1:20  Drone  
  18  1:29  Drone  
  19  1:40  Drone  
  20  1:51  Overlord  
  20  2:01  Queen  
  20  2:04  Queen  
  20  2:05  Zergling x4  
  26  2:12  Metabolic Boost  
  26  2:14  Zergling x2  
  27  2:17  Drone  
  28  2:24  Drone  
  28  2:26  Drone  
  29  2:38  Drone, Hatchery  
  29  2:41  Drone  
  30  2:48  Queen  
  32  2:53  Overlord  
  32  2:57  Spore Crawler  
  31  3:00  Drone  
  31  3:03  Drone x2  
  35  3:06  Drone  
  35  3:10  Overlord  
  35  3:12  Drone  
  37  3:14  Drone  
  37  3:18  Drone  
  37  3:19  Drone  
  40  3:20  Drone  
  40  3:24  Overlord  
  41  3:28  Overlord  
  41  3:30  Drone  
  41  3:33  Drone  
  43  3:43  Queen x2  
  43  3:44  Drone  
  43  3:46  Drone  
  49  3:48  Drone  
  49  3:52  Drone x2  
  49  3:53  Drone  
  53  3:59  Drone x4  
  53  4:01  Drone  
  58  4:08  Queen  
  58  4:09  Overlord  
  60  4:13  Drone, Evolution Chamber  
  60  4:19  Drone x3  
  60  4:24  Overlord  
  63  4:33  Queen  
  63  4:34  Zergling x16  
  73  4:41  Queen, Overlord  
  73  4:44  Queen  
  77  4:49  Zerg Ground Armor Level 1  
  77  4:53  Extractor  
  77  4:55  Spore Crawler, Baneling Nest  
  77  4:57  Overlord  
  74  5:02  Zergling x2  
  74  5:03  Zergling x8  
  78  5:10  Drone x6  
  78  5:11  Spore Crawler  
  77  5:19  Drone  
  77  5:20  Drone x4  
  82  5:22  Drone x2  
  82  5:26  Spore Crawler  
  82  5:28  Lair  
  83  5:30  Drone  
  83  5:31  Drone  
  83  5:32  Drone  
  83  5:34  Drone  
  83  5:35  Drone  
  88  5:37  Drone  
  88  5:38  Drone  
  88  5:39  Drone  
  90  5:43  Overlord  
  90  5:45  Drone  
  90  5:47  Drone  
  85  5:57  Extractor  
  85  5:58  Drone x2  
  85  5:59  Extractor x2, Drone x6  
  85  6:00  Extractor, Drone x3  
  92  6:10  Overlord  
  92  6:12  Evolution Chamber  
  92  6:16  Zergling x4  
  93  6:25  Zergling x6  
  95  6:26  Hatchery, Zergling x2  
  95  6:28  Zergling x6  
  95  6:29  Zergling x10  
  95  6:30  Centrifical Hooks  
  103  6:33  Overlord  
  103  6:35  Overseer  
  103  6:39  Zergling x2  
  104  6:40  Zergling x2  
  104  6:43  Baneling x4  
  104  6:44  Zerg Ground Armor Level 2  
  104  6:46  Zerg Melee Weapons Level 1, Overlord  
  105  6:54  Zergling x6  
  105  6:58  Baneling x6  
  106  7:03  Drone x4  
  106  7:06  Drone x2  
  106  7:07  Drone x3  
  115  7:11  Overlord, Hatchery  
  115  7:12  Drone  
  115  7:16  Drone  
  115  7:17  Drone x2  
  115  7:21  Hydralisk Den  
  115  7:22  Overlord  
  117  7:24  Overlord  
  117  7:28  Zergling x2  
  118  7:33  Overlord  
  118  7:34  Zergling x2, Hatchery  
  118  7:35  Zergling x4  
  120  7:41  Zergling x6  
  123  7:53  Hydralisk x6  
  123  7:55  Muscular Augments  
  123  7:56  Overlord  
  135  7:59  Infestation Pit  
  135  8:01  Hydralisk x5  
  144  8:15  Hydralisk  
  144  8:16  Zergling x2, Hydralisk x3  
  144  8:17  Zergling x6  
  144  8:19  Overlord  
  156  8:23  Baneling x6  
  156  8:30  Zergling x12  
  162  8:45  Hive  
  162  8:48  Drone x9  
  163  8:49  Extractor, Drone x2  
  163  8:50  Extractor  
  163  8:55  Overseer  
  166  8:59  Zergling x8  
  170  9:04  Zerg Melee Weapons Level 2  
  170  9:05  Hatchery, Zerg Missile Weapons Level 1  
  169  9:13  Queen  
  169  9:15  Zergling x18  
  169  9:16  Zergling x4  
  181  9:21  Overlord  
  181  9:23  Overlord  
  181  9:25  Baneling x9  
  181  9:39  Overlord  
  181  9:41  Zergling x14  
  181  9:42  Zergling x2  
  181  9:44  Zergling x2  
  181  9:45  Zergling x4  
  192  9:47  Overlord  
  190  10:02  Baneling x17  
  190  10:08  Zergling x2  
  190  10:09  Zergling x18  
  193  10:16  Adrenal Glands  
  193  10:18  Zergling x16  
  193  10:19  Ultralisk Cavern  
  193  10:21  Baneling x6  
  191  10:22  Queen  
  191  10:23  Overlord  
  188  10:31  Zergling x2  
  188  10:32  Zergling x16  
  159  10:37  Baneling x9  
  159  10:39  Hydralisk x3  
  161  10:45  Zergling x10  
  160  10:53  Hydralisk x4  
  160  10:54  Zergling x8  
  165  11:10  Ultralisk x3  
  183  11:20  Ultralisk  
  189  11:30  Ultralisk  
  195  11:37  Zergling x8  
  199  11:40  Baneling  
  199  11:41  Baneling x14  
  199  11:55  Spire  
  199  11:56  Chitinous Plating  
  196  12:03  Zergling x6  
  196  12:04  Zergling x4  
  183  12:32  Ultralisk x2, Zergling x12  
  195  12:41  Zergling x4  
  195  12:42  Zergling x28  
  195  12:47  Zergling x20  
  160  13:06  Zergling x4  
  160  13:07  Zergling x6  
Show
View Real Time Build Order
Export as new Build Order

Drunkenboi Terran 

Build Orders: Reaper Expand, Bio Tank, Banshee Rush 

Get SALT Encoding   

  12  0:00  SCV  
  13  0:12  SCV  
  14  0:18  Supply Depot  
  14  0:24  SCV  
  15  0:40  SCV  
  15  0:42  Barracks  
  16  0:44  Refinery  
  16  0:53  SCV  
  17  1:05  SCV  
  18  1:18  SCV  
  19  1:29  Reaper  
  19  1:31  Orbital Command  
  20  1:42  Command Center  
  20  1:48  Supply Depot  
  20  1:58  SCV  
  21  2:01  Barracks Reactor  
  21  2:07  Refinery  
  21  2:10  SCV  
  22  2:22  Factory, SCV  
  23  2:34  SCV  
  24  2:38  Marine x2  
  26  2:46  SCV  
  27  2:56  Marine x2  
  29  2:59  Orbital Command  
  29  3:00  SCV  
  30  3:07  Starport  
  30  3:12  SCV  
  31  3:23  Hellion x2, Barracks Tech Lab  
  31  3:24  SCV  
  31  3:25  SCV  
  37  3:38  SCV  
  37  3:39  SCV  
  37  3:41  Command Center  
  38  3:49  Barracks Tech Lab, Cloaking Field  
  38  3:50  Banshee  
  38  3:55  SCV  
  43  3:58  Supply Depot  
  43  4:07  Hellion x2  
  46  4:11  Stimpack  
  46  4:20  Marine, SCV x2  
  49  4:26  Engineering Bay  
  49  4:29  Engineering Bay  
  49  4:32  SCV x2  
  49  4:35  Banshee  
  49  4:38  Barracks, Factory Reactor  
  54  4:43  Barracks  
  54  4:52  Supply Depot, Marine, SCV x2  
  57  4:57  Orbital Command  
  57  5:02  Refinery  
  57  5:04  Refinery  
  57  5:05  SCV x2  
  55  5:14  Marine  
  55  5:16  Terran Infantry Armor Level 1, Terran Infantry Weapons Level 1  
  55  5:17  SCV  
  55  5:18  SCV  
  54  5:28  Marine x2  
  56  5:29  Starport Reactor  
  56  5:30  Orbital Command, Factory Reactor  
  56  5:31  SCV x2  
  56  5:32  Marine  
  59  5:40  Marine x2  
  61  5:45  Marine, SCV x2  
  61  5:46  Marine  
  61  5:49  Barracks x2  
  65  5:56  SCV  
  62  5:57  SCV x2  
  62  5:58  Marine x2  
  62  5:59  Marine  
  62  6:03  Marine  
  68  6:04  Armory  
  68  6:08  Supply Depot, SCV  
  68  6:11  Medivac x2  
  73  6:12  Combat Shields, SCV  
  73  6:13  SCV  
  73  6:16  Marine  
  76  6:21  SCV  
  76  6:22  Supply Depot  
  77  6:29  Marine x2, Widow Mine x2  
  77  6:30  SCV x2  
  77  6:32  Supply Depot  
  85  6:40  Barracks Reactor x2  
  85  6:43  Marine x2  
  85  6:44  SCV x3  
  90  6:48  Medivac  
  90  6:49  Marine  
  90  6:52  Supply Depot  
  90  6:53  Medivac, Marine  
  90  6:54  Marauder  
  98  6:55  Supply Depot  
  98  6:56  SCV  
  98  6:57  SCV x2  
  101  7:03  Factory  
  101  7:11  Supply Depot  
  101  7:13  Marine x3, SCV x3  
  101  7:14  Barracks  
  107  7:19  Marine  
  107  7:21  Medivac  
  107  7:22  Marine  
  107  7:23  Medivac  
  107  7:25  SCV  
  107  7:27  Marine x3  
  112  7:32  Siege Tank  
  112  7:33  SCV x2  
  115  7:37  Marine x3, SCV  
  115  7:38  Marine x2  
  115  7:42  Terran Infantry Weapons Level 2  
  115  7:43  Refinery  
  121  7:45  Terran Infantry Armor Level 2  
  121  7:47  Refinery  
  121  7:48  Factory Tech Lab  
  121  7:50  Marine  
  122  7:54  Terran Vehicle Weapons Level 1  
  122  7:55  Marine x5  
  127  8:04  Marine x2  
  129  8:05  Medivac  
  122  8:13  Marine x4  
  122  8:14  Command Center  
  122  8:15  Siege Tank  
  121  8:22  Marine  
  121  8:23  Marine x4  
  121  8:26  Marine x2  
  127  8:27  Siege Tank  
  130  8:35  Marine  
  130  8:36  Marine x2  
  130  8:39  Supply Depot  
  130  8:40  Barracks  
  133  8:42  Barracks, Supply Depot x2, Marine  
  133  8:44  Medivac x2  
  133  8:45  Marine  
  133  8:46  Marine  
  140  8:51  Marine  
  140  8:52  Marine x2  
  140  8:55  Supply Depot  
  141  9:01  Marine  
  142  9:02  Supply Depot  
  142  9:03  Siege Tank x2  
  142  9:04  Marine x2  
  142  9:07  Marauder  
  142  9:08  Marine x2  
  154  9:15  Medivac x2, Marine  
  154  9:16  Marine  
  160  9:21  Marine  
  160  9:23  Concussive Shells  
  161  9:27  Marine  
  161  9:29  Marauder  
  164  9:33  Marine, Barracks Tech Lab  
  164  9:35  Siege Tank  
  164  9:36  Marine  
  164  9:38  Marine x2  
  171  9:41  Barracks Tech Lab  
  171  9:44  Marine x4  
  175  9:48  Siege Tank  
  175  9:50  Marauder  
  180  9:53  Marine, Marauder  
  179  10:00  Marine x2  
  179  10:01  Marauder  
  179  10:02  Terran Infantry Weapons Level 3  
  179  10:04  Terran Infantry Armor Level 3  
  179  10:05  Marine x2  
  182  10:11  Marauder  
  182  10:13  Marine  
  177  10:15  Marauder  
  177  10:20  Marine x2  
  173  10:22  Marine x2, Marauder  
  173  10:25  Marine x2  
  175  10:31  Marine x2  
  175  10:33  Marauder  
  175  10:35  Marine x2  
  147  10:36  Marauder  
  147  10:41  Marine  
  148  10:43  Marauder  
  148  10:45  Siege Tank  
  148  10:46  Siege Tank  
  147  10:53  Marine  
  147  10:54  Marauder  
  132  10:57  Marauder  
  132  11:04  Planetary Fortress  
  129  11:05  Marine, Marauder  
  129  11:06  Marine  
  129  11:07  Marine  
  134  11:13  Missile Turret  
  134  11:14  Marine  
  134  11:15  Liberator x2, Marine, Marauder  
  134  11:16  Marine  
  139  11:19  Marine x2, Marauder  
  139  11:21  Marine  
  139  11:22  Siege Tank  
  147  11:25  Siege Tank  
  147  11:26  Marine x3  
  159  11:33  Marine x2  
  159  11:36  Marine x2  
  163  11:43  Marine  
  163  11:44  Marine, Marauder  
  167  11:49  Starport x2  
  167  11:50  Marine, Marauder  
  167  11:51  Marine x2  
  172  11:54  Siege Tank  
  172  11:59  Liberator  
  172  12:00  Marine  
  178  12:01  Marauder  
  178  12:02  Siege Tank, Marine x2  
  178  12:05  Marauder  
  178  12:07  Marine x2  
  187  12:09  Marine  
  187  12:12  Supply Depot  
  187  12:14  Marine  
  183  12:26  Siege Tank, Marine, Marauder  
  183  12:28  Marine  
  183  12:29  Marauder  
  140  12:47  Marine x2, Marauder  
  140  12:48  Medivac, Marauder  
  140  12:49  Marine  
  140  12:50  Marauder  
  115  12:53  Siege Tank  
  115  12:55  Marine  
  115  12:57  Marine x2  
  111  12:59  Marine x2  
  111  13:05  Marine, Refinery  
  108  13:06  Refinery  
  108  13:07  Marine x3  
Tags
 
Add a new tag
Caveats
  • Supply blocks, unpowered buildings, or Contaminate may cause inaccurate times.
  • Supply counts are checked every 10 seconds.